 Dungeon Crawl Stone Soup version 0.23.2 (webtiles) character file.

Game seed: 4961873965871119150

11289 Borgoz the Slicer (level 12, -15/76 HPs)
             Began as a Kobold Gladiator on Apr 12, 2019.
             Was a Believer of Ashenzari.
             Demolished by a stone giant (21 damage)
             ... in a volcano.
             The game lasted 00:24:56 (15082 turns).

Borgoz the Slicer (Kobold Gladiator)               Turns: 15082, Time: 00:24:56

Health: -15/76     AC: 17    Str: 16    XL:     12   Next: 5%
Magic:  15/15      EV: 18    Int: 10    God:    Ashenzari [**....]
Gold:   867        SH:  0    Dex: 16    Spells: 9/11 levels left

rFire    + + .     SeeInvis +   a - +3 short sword (venom)
rCold    x . .     Gourm    .   (shield restricted)
rNeg     . . .     Faith    .   q - +0 fire dragon scales
rPois    .         Spirit   .   t - +2 helmet {SInv}
rElec    .         Reflect  .   w - +0 cloak
rCorr    .         Harm     .   A - +0 pair of gloves
MR       .....                  l - +0 pair of boots
Stlth    +++.......             u - amulet of the acrobat
HPRegen  0.22/turn              M - ring of see invisible
MPRegen  0.14/turn              (no ring)

@: no status effects
A: small, carnivore
a: Curse Item, Scrying, Renounce Religion


You were in a volcano.
You worshipped Ashenzari.
Ashenzari was pleased with you.
You were full.

You visited 3 branches of the dungeon, and saw 13 of its levels.
You also visited: Volcano.

You collected 867 gold pieces.

Inventory:

Hand Weapons
 a - a +3 short sword of venom (weapon)
 b - a +1 short sword of holy wrath
 d - the +8 dire flail of Bisul {drain, +Rage}
   (You took it off an ogre on level 3 of the Dungeon)

   A truly terrible weapon, it drains the life of those it strikes.
   It lets you go berserk.
 p - a cursed +2 short sword
 z - a +0 rapier
 E - a cursed +3 quick blade
Armour
 l - a +0 pair of boots (worn)
 q - +0 fire dragon scales (worn)
 t - a +2 helmet of see invisible (worn)
 w - a +0 cloak (worn)
 A - a +0 pair of gloves (worn)
Jewellery
 c - an uncursed ring of positive energy
 u - an amulet of the acrobat (around neck)
 H - an uncursed amulet of magic regeneration
 J - the ring "Cumar" {Ice rPois MR++ Str-4 Stlth+}
   (You found it on level 10 of the Dungeon)

   [ring of ice]

   It enhances your ice magic.
   It affects your strength (-4).
   It makes you vulnerable to fire.
   It protects you from cold.
   It protects you from poison.
   It affects your resistance to hostile enchantments.
   It makes you more stealthy.
 M - a ring of see invisible (left hand)
Wands
 k - a wand of acid (9)
 n - a wand of iceblast (6)
 x - a wand of paralysis (7)
 F - a wand of disintegration (12)
Scrolls
 g - 4 scrolls of blinking
 o - 10 scrolls of remove curse
 r - 7 scrolls of teleportation
 D - 2 scrolls of amnesia
Potions
 e - 5 potions of flight
 h - a potion of brilliance
 i - 4 potions of agility
 j - 7 potions of curing
 m - 2 potions of mutation
 C - a potion of lignification
 G - a potion of cancellation
 L - 2 potions of resistance
Comestibles
 f - 20 rations


   Skills:
 + Level 9.0 Fighting
 + Level 11.0 Short Blades
 - Level 2.1 Throwing
 + Level 6.5 Armour
 + Level 10.2 Dodging
 + Level 10.5 Stealth
 - Level 3.0 Translocations
 - Level 5.0 Evocations


You had 9 spell levels left.
You knew the following spells:

 Your Spells              Type           Power        Failure   Level  Hunger
a - Blink                 Tloc           N/A          56%         2    ###....

Your spell library contained the following spells:

 Spells                   Type           Power        Failure   Level  Hunger
 Magic Dart               Conj           #...         83%         1    ##.....
 Sting                    Conj/Pois      #...         83%         1    ##.....
 Call Imp                 Summ           #.......     93%         2    ###....
 Poisonous Vapours        Pois/Air       #.....       93%         2    ###....
 Slow                     Hex            #.......     93%         2    ###....
 Conjure Flame            Conj/Fire      #.......     99%         3    ####...
 Mephitic Cloud           Conj/Pois/Air  #.......     99%         3    ####...
 Olgreb's Toxic Radiance  Pois           #.......     100%        4    #####..
 Venom Bolt               Conj/Pois      #.........   100%        5    ######.


Dungeon Overview and Level Annotations

Branches:
Dungeon (10/15)            Temple (1/1) D:5            Lair (2/6) D:8
  Swamp: Lair:2-4    Shoals: Lair:2-4     Snake: Lair:2-4    Spider: Lair:2-4
    Orc: D:9-12

Altars:
Ashenzari
Cheibriados
Dithmenos
Elyvilon
Fedhas
Gozag
Hepliaklqana
Kikubaaqudgha
Makhleb
Nemelex Xobeh
Okawaru
Qazlal
Ru
Sif Muna
Trog
Uskayaw
Vehumet
Wu Jian
Xom
Yredelemnul
Zin
The Shining One

Shops:
D:7 %   D:10 *


Innate Abilities, Weirdness & Mutations

You are small and have problems with some larger weapons.
You are carnivorous and can eat meat at any time.


Message History

The stone giant misses you.
Okay, then.
Evoke which item? (* to show all) (? for menu, Esc to quit)
Aiming: Paralyse
Press: ? - help, Shift-Dir - straight line, f - stone giant
Aim: a stone giant (black smoke, chance to defeat MR: 14%)
Okay, then.
You hit the stone giant.
The stone giant is poisoned.
The stone giant is lightly wounded.
You hit the stone giant.
The stone giant looks as sick as possible!
The stone giant is lightly wounded.
The stone giant hits you!!
* * * LOW HITPOINT WARNING * * *
Okay, then.
Evoke which item? (* to show all) (? for menu, Esc to quit)
Okay, then.
It was a potion of cancellation.
You feel magically purged. The stone giant hits you!!
You die...

## ##☼* #≈☼### ##☼≈§≈##
##≈≈§§§§## #≈≈≈§$§§≈# ## #.!$.C§#
##§ #.(§@## #§§ #!#§..# ##○§
######### #####.### * ## #○○≈
##.).##..### ####...#.○####. ####
#.).)..##[.###.........°§§§§###.#
#...)∩###.#.......≈≈≈≈≈≈≈≈.......
≈§..≈≈# ####.....§≈≈≈≈≈≈≈§≈§....#
≈§≈≈≈## #....§≈§§≈≈§≈≈≈§≈≈...##
#≈§≈## ##...○§≈≈≈≈°≈§≈≈≈≈...#


You could see a stone giant.

Vanquished Creatures
  A hydra (Lair:1)
  A two-headed ogre (D:10)
  2 komodo dragons
  A troll (D:7)
  5 hippogriffs
  A wyvern (D:10)
  A wraith (D:7)
  A basilisk (D:8)
  A fire elemental (Volcano)
  6 yaks (D:10)
  A steam dragon (D:8)
  A human (D:8)
  Edmund (D:5)
  Menkaure (D:4)
  6 water moccasins
  4 orc warriors
  3 sky beasts
  A black bear (D:10)
  2 phantoms (D:6)
  3 ice beasts
  The ghost of Curus the Slasher, an amateur MiGl (D:3)
  6 ogres
  5 centaurs
  6 crocodiles
  3 big kobolds
  6 bullfrogs
  A water moccasin skeleton (D:5)
  10 killer bees
  2 scorpions (D:8)
  5 wights (D:7)
  3 howler monkeys (D:8)
  2 crimson imps
  2 centaur zombies
  2 jellies
  8 hounds
  6 orc priests
  3 bullfrog skeletons
  7 orc wizards
  3 iguanas
  2 worker ants
  Ijyb (D:3)
  Natasha (thrice) (D:4)
  A hound zombie (D:8)
  4 hound skeletons
  7 gnolls
  6 adders
  An ooze (D:1)
  An adder skeleton (D:7)
  A worm (D:3)
  3 dart slugs
  6 leopard geckos
  40 orcs
  5 bats
  4 giant cockroaches
  11 hobgoblins
  3 jackals (D:5)
  14 kobolds
  4 frilled lizards
  13 goblins
  2 jackal skeletons
  A leopard gecko skeleton (D:8)
  2 quokka skeletons
  A quokka zombie (D:7)
  7 rats
267 creatures vanquished.

Vanquished Creatures (collateral kills)
  An efreet (Volcano)
  A fire elemental (Volcano)
  An earth elemental (Volcano)
3 creatures vanquished.

Vanquished Creatures (others)
  A fungus (Lair:2)
  A plant (Lair:2)
2 creatures vanquished.

Grand Total: 272 creatures vanquished

Notes
Turn   | Place    | Note
-------+----------+-------------------------------------------
     0 | D:1      | Borgoz the Kobold Gladiator began the quest for the Orb.
     0 | D:1      | Reached XP level 1. HP: 12/12 MP: 1/1
    47 | D:1      | Reached XP level 2. HP: 16/18 MP: 2/2
   335 | D:1      | Reached XP level 3. HP: 20/22 MP: 3/3
   815 | D:2      | Reached skill level 1 in Armour
  1326 | D:2      | Reached XP level 4. HP: 27/27 MP: 4/4
  1549 | D:3      | Noticed Ijyb
  1584 | D:3      | Killed Ijyb
  1841 | D:3      | Found a transporter.
  1842 | D:3      | Reached XP level 5. HP: 29/32 MP: 5/5
  1845 | D:3      | Noticed Curus's ghost (amateur MiGl)
  1847 | D:3      | Identified the +8 dire flail of Bisul {drain, +Rage}
  1847 | D:3      | Noticed an ogre
  1955 | D:3      | Reached skill level 5 in Short Blades
  2523 | D:3      | Learned a level 2 spell: Blink
  2543 | D:3      | Reached XP level 6. HP: 37/37 MP: 6/6
  2724 | D:3      | Found a radiant altar of Vehumet.
  2815 | D:4      | Noticed Natasha
  2821 | D:4      | Noticed an orc warrior
  2823 | D:4      | Killed Natasha
  2823 | D:4      | Reached skill level 1 in Stealth
  2837 | D:4      | Killed an orc warrior
  2837 | D:4      | Reached skill level 5 in Dodging
  2837 | D:4      | Reached skill level 1 in Translocations
  2837 | D:4      | Reached skill level 1 in Evocations
  3125 | D:4      | Noticed Natasha
  3134 | D:4      | Killed Natasha
  3308 | D:4      | Noticed Menkaure
  3317 | D:4      | Killed Menkaure
  3317 | D:4      | Reached XP level 7. HP: 19/43 MP: 6/8
  3432 | D:4      | Noticed Natasha
  3447 | D:4      | Killed Natasha
  3716 | D:5      | Entered Level 5 of the Dungeon
  3791 | D:5      | Reached skill level 6 in Short Blades
  3874 | D:5      | Reached XP level 8. HP: 11/48 MP: 9/9
  4398 | D:5      | Found a staircase to the Ecumenical Temple.
  4398 | D:5      | Noticed Edmund
  4410 | D:5      | Killed Edmund
  4512 | Temple   | Entered the Ecumenical Temple
  4555 | Temple   | Became a worshipper of Ashenzari the Shackled
  5193 | D:6      | Reached skill level 5 in Fighting
  5383 | D:6      | Reached XP level 9. HP: 25/54 MP: 11/11
  5961 | D:7      | Reached skill level 7 in Short Blades
  5961 | D:7      | Reached skill level 5 in Stealth
  6474 | D:7      | Found Jut Doy's Food Emporium.
  6758 | D:7      | Reached skill level 5 in Evocations
  7314 | D:7      | Reached skill level 8 in Short Blades
  7717 | D:7      | Reached XP level 10. HP: 60/60 MP: 13/13
  8022 | D:7      | Noticed a komodo dragon
  8053 | D:7      | Killed a komodo dragon
  8326 | D:8      | Reached skill level 9 in Short Blades
  8333 | D:8      | Reached skill level 5 in Armour
  8388 | D:8      | Reached * piety under Ashenzari
  8424 | D:8      | Found a glowing golden altar of the Shining One.
  9307 | D:8      | HP: 2/63 [ice beast (8)]
  9651 | D:9      | Reached XP level 11. HP: 38/67 MP: 14/14
  9915 | D:3      | Found a transporter.
 10241 | D:3      | Killed Curus's ghost
 11255 | D:10     | Entered Level 10 of the Dungeon
 11995 | D:10     | Identified the ring "Cumar" {Ice rPois MR++ Str-4 Stlth+}
 12021 | D:10     | Reached skill level 10 in Short Blades
 12562 | D:10     | Found Beletokki's Assorted Antiques.
 12674 | D:10     | Reached ** piety under Ashenzari
 12912 | D:10     | Noticed a two-headed ogre
 12914 | D:10     | Killed a two-headed ogre
 13137 | D:8      | Found a staircase to the Lair.
 13166 | D:8      | Reached skill level 10 in Stealth
 13281 | Lair:1   | Entered Level 1 of the Lair of Beasts
 13281 | Lair:1   | Noticed an eight-headed hydra
 13291 | Lair:1   | Killed an eight-headed hydra
 13731 | Lair:1   | Reached skill level 10 in Dodging
 14385 | Lair:2   | Found a dark tunnel.
 14387 | Lair:2   | Identified a scroll of acquirement
 14506 | Lair:2   | Reached XP level 12. HP: 56/75 MP: 15/15
 14576 | Volcano  | Entered a volcano
 14803 | Volcano  | Reached skill level 11 in Short Blades
 15076 | Volcano  | Noticed a stone giant
 15082 | Volcano  | Demolished by a stone giant

Skill      XL: |  1  2  3  4  5  6  7  8  9 10 11 12 |
---------------+-------------------------------------+-----
Dodging        | 4 5 6 7 8 10 | 10.2
Armour         | 1 2 3 4 5 6 |  6.5
Fighting       | 3 4 5 6 7 8 9 |  9.0
Short Blades   | 5 6 8 9 10 11 | 11.0
Stealth        | 2 3 4 6 8 10 | 10.5
Translocations | 1 2 3 |  3.0
Evocations     | 1 2 3 5 |  5.0
Throwing       | |  2.1

Action                   |  1- 3 |  4- 6 |  7- 9 | 10-12 || total
-------------------------+-------+-------+-------+-------++-------
Melee: Rapier            |    98 |    58 |       |       ||   156
       Short sword       |       |    75 |   410 |   637 ||  1122
Throw: Throwing net      |       |     2 |     2 |     6 ||    10
Evoke: Wand              |       |     1 |     1 |     5 ||     7
  Use: Potion            |       |       |     4 |     5 ||     9
       Scroll            |       |       |     8 |    14 ||    22
 Stab: Sleeping          |       |       |    10 |    20 ||    30
       Held in net/web   |       |       |     1 |     4 ||     5
       Distracted        |       |       |       |     1 ||     1
  Eat: Chunk             |    10 |     5 |    12 |    23 ||    50
Armor: Leather armour    |    27 |    15 |    57 |    84 ||   183
Dodge: Dodged            |    80 |   104 |   383 |   429 ||   996
